Workbook
Name Print_Area_MI: #REF!

Sheet Summary Budget
C2: BEEF COW/CALF ENTERPRISE BUDGET | M2: 2023
C3: Estimated Costs and Returns - San Luis Valley
C6: PRODUCTION ASSUMPTIONS | K6: PRODUCTION SUMMARY
C8: Exposed Females (Cows & Heifers) | G8: ='Assumptions + Income'!G7 -> 200 | K8: Weaned Calf Crop | M8: ='Assumptions + Income'!G12 -> 0.9
C9: Cow Death Loss | G9: ='Assumptions + Income'!G9 -> 0.01 | K9: Percentage Steers | M9: ='Assumptions + Income'!E13 -> 0.5
C10: Cow Replacement Rate | G10: ='Assumptions + Income'!G10 -> 0.14 | K10: Total Calves Weaned (head) | M10: ='Assumptions + Income'!M7 -> 180
C11: Cows Per Bull | G11: ='Assumptions + Income'!G8 -> 22 | K11: Steers (head) | M11: ='Assumptions + Income'!M8 -> 90
C12: Number of Bulls | G12: ='Assumptions + Income'!M14 -> 9 | K12: Total Heifers (head) | M12: ='Assumptions + Income'!M9 -> 90
C13: Bull Replacement Rate | G13: ='Assumptions + Income'!G11 -> 0.3
K14: Heifers Retained (head) | M14: ='Assumptions + Income'!M11 -> 40
C15: Replacement Heifers Retained | G15: ='Assumptions + Income'!G14 -> 0.2 | K15: Heifers Sold (head) | M15: ='Assumptions + Income'!M12 -> 50
C18: GROSS REVENUES FROM PRODUCTION
E19: Avg. Mkt | G19: Net Sale | K19: Value
C20: Animal | E20: Weight | G20: Price | K20: Per Head | L20: Total | M20: Per Cow
C21: Type | D21: Head | E21: lbs | G21: $/Cwt | K21: $/Hd | L21: $ | M21: $
C23: Steer Calves | D23: ='Assumptions + Income'!D29 -> 90 | E23: ='Assumptions + Income'!E29 -> 550 | G23: ='Assumptions + Income'!G29 -> 260 | K23: =E23*(G23/100) -> 1430 | L23: =K23*D23 -> 128700 | M23: =L23/$G$8 -> 643.5
C24: Heifer Calves | D24: ='Assumptions + Income'!D30 -> 50 | E24: ='Assumptions + Income'!E30 -> 515 | G24: ='Assumptions + Income'!G30 -> 245 | K24: =E24*(G24/100) -> 1261.75 | L24: =K24*D24 -> 63087.5 | M24: =L24/$G$8 -> 315.4375
C25: Yearling Heifers | D25: ='Assumptions + Income'!D31 -> 10 | E25: ='Assumptions + Income'!E31 -> 950 | G25: ='Assumptions + Income'!G31 -> 160 | K25: =E25*(G25/100) -> 1520 | L25: =K25*D25 -> 15200 | M25: =L25/$G$8 -> 76
C26: Cull Cows | D26: ='Assumptions + Income'!D32 -> 28 | E26: ='Assumptions + Income'!E32 -> 1250 | G26: ='Assumptions + Income'!G32 -> 95 | K26: =E26*(G26/100) -> 1187.5 | L26: =K26*D26 -> 33250 | M26: =L26/$G$8 -> 166.25
C27: Cull Bulls | D27: ='Assumptions + Income'!D33 -> 2 | E27: ='Assumptions + Income'!E33 -> 1750 | G27: ='Assumptions + Income'!G33 -> 120 | K27: =E27*(G27/100) -> 2100 | L27: =K27*D27 -> 4200 | M27: =L27/$G$8 -> 21
C28: Other | L28: 0 | M28: =L28/$G$8 -> 0
C30: Total | L30: =SUM(L23:L29) -> 244437.5 | M30: =SUM(M23:M29) -> 1222.1875
C32: DIRECT CASH OPERATING EXPENSES
L33: Total | M33: Per Cow
C34: Purchased Feed and Pasture | L34: ='Cow Carrying Costs'!I13+'Cow Carrying Costs'!I24 -> 122500 | M34: =L34/$G$8 -> 612.5
C35: Land | L35: ='Cow Carrying Costs'!I36 -> 0 | M35: =L35/$G$8 -> 0
C36: Livestock Medical and Breeding | L36: ='Cow Carrying Costs'!I50 -> 7083.4 | M36: =L36/$G$8 -> 35.417
C37: Livestock Supplies | L37: ='Cow Carrying Costs'!I61 -> 1830 | M37: =L37/$G$8 -> 9.15
C38: Marketing | L38: ='Cow Carrying Costs'!I75 -> 5980.75 | M38: =L38/$G$8 -> 29.90375
C39: Machinery and Equipment | L39: ='Cow Carrying Costs'!I87 -> 10000 | M39: =L39/$G$8 -> 50
C40: Labor | L40: ='Cow Carrying Costs'!I101 -> 0 | M40: =L40/$G$8 -> 0
C41: Interest | L41: ='Cow Carrying Costs'!I112 -> 6632.7367 | M41: =L41/$G$8 -> 33.163684
C43: Total Direct Cash Operating Expenses | L43: =SUM(L34:L42) -> 154026.89 | M43: =SUM(M34:M42) -> 770.13443
C45: NET RECEIPTS
L46: Total | M46: Per Cow
C47: Gross Revenues | L47: =L30 -> 244437.5 | M47: =M30 -> 1222.1875
C48: Total Direct Cash Operating Expenses | L48: =L43 -> 154026.89 | M48: =M43 -> 770.13443
C49: General Overhead | L49: ='Cow Carrying Costs'!I129 -> 60000 | M49: ='Cow Carrying Costs'!H129 -> 300
C50: Non-Cash Expenses (Depreciation) | L50: ='Cow Carrying Costs'!I122 -> 17000 | M50: =L50/G8 -> 85
C52: Net Receipts | L52: =L47-L48-L49-L50 -> 13410.613 | M52: =M47-M48-M49-M50 -> 67.053066
C54: TOTAL ANNUAL "COW COSTS" | M54: =M48+M49+M51 -> 1070.1344
C56: BREAK-EVEN PRICES FOR CALVES (average price for all calves sold)
C57: Weaning | D57: Avg. Weaning | E57: Annual Cow Carrying Costs
C58: Percent | D58: Weight | E58: =K58-200 -> 870.13443 | G58: =K58-100 -> 970.13443 | K58: =M54 -> 1070.1344 | L58: =K58+100 -> 1170.1344 | M58: =K58+200 -> 1270.1344
C59: 0.75 | D59: 400 | E59: =E$58/($C$59*$D59) -> 2.9004481 | G59: =G$58/($C$59*$D59) -> 3.2337814 | K59: =K$58/($C$59*$D59) -> 3.5671148 | L59: =L$58/($C$59*$D59) -> 3.9004481 | M59: =M$58/($C$59*$D59) -> 4.2337814
D60: 500 | E60: =E$58/($C$59*$D60) -> 2.3203585 | G60: =G$58/($C$59*$D60) -> 2.5870252 | K60: =K$58/($C$59*$D60) -> 2.8536918 | L60: =L$58/($C$59*$D60) -> 3.1203585 | M60: =M$58/($C$59*$D60) -> 3.3870252
D61: 600 | E61: =E$58/($C$59*$D61) -> 1.9336321 | G61: =G$58/($C$59*$D61) -> 2.1558543 | K61: =K$58/($C$59*$D61) -> 2.3780765 | L61: =L$58/($C$59*$D61) -> 2.6002987 | M61: =M$58/($C$59*$D61) -> 2.822521
C62: 0.8 | D62: 400 | E62: =E$58/($C$62*$D62) -> 2.7191701 | G62: =G$58/($C$62*$D62) -> 3.0316701 | K62: =K$58/($C$62*$D62) -> 3.3441701 | L62: =L$58/($C$62*$D62) -> 3.6566701 | M62: =M$58/($C$62*$D62) -> 3.9691701
D63: 500 | E63: =E$58/($C$62*$D63) -> 2.1753361 | G63: =G$58/($C$62*$D63) -> 2.4253361 | K63: =K$58/($C$62*$D63) -> 2.6753361 | L63: =L$58/($C$62*$D63) -> 2.9253361 | M63: =M$58/($C$62*$D63) -> 3.1753361
D64: 600 | E64: =E$58/($C$62*$D64) -> 1.8127801 | G64: =G$58/($C$62*$D64) -> 2.0211134 | K64: =K$58/($C$62*$D64) -> 2.2294467 | L64: =L$58/($C$62*$D64) -> 2.4377801 | M64: =M$58/($C$62*$D64) -> 2.6461134
C65: 0.9 | D65: 400 | E65: =E$58/($C$65*$D65) -> 2.4170401 | G65: =G$58/($C$65*$D65) -> 2.6948179 | K65: =K$58/($C$65*$D65) -> 2.9725956 | L65: =L$58/($C$65*$D65) -> 3.2503734 | M65: =M$58/($C$65*$D65) -> 3.5281512
D66: 500 | E66: =E$58/($C$65*$D66) -> 1.9336321 | G66: =G$58/($C$65*$D66) -> 2.1558543 | K66: =K$58/($C$65*$D66) -> 2.3780765 | L66: =L$58/($C$65*$D66) -> 2.6002987 | M66: =M$58/($C$65*$D66) -> 2.822521
D67: 600 | E67: =E$58/($C$65*$D67) -> 1.6113601 | G67: =G$58/($C$65*$D67) -> 1.7965452 | K67: =K$58/($C$65*$D67) -> 1.9817304 | L67: =L$58/($C$65*$D67) -> 2.1669156 | M67: =M$58/($C$65*$D67) -> 2.3521008
C68: 0.95 | D68: 400 | E68: =E$58/($C$68*$D68) -> 2.2898275 | G68: =G$58/($C$68*$D68) -> 2.5529854 | K68: =K$58/($C$68*$D68) -> 2.8161432 | L68: =L$58/($C$68*$D68) -> 3.0793011 | M68: =M$58/($C$68*$D68) -> 3.342459
D69: 500 | E69: =E$58/($C$68*$D69) -> 1.831862 | G69: =G$58/($C$68*$D69) -> 2.0423883 | K69: =K$58/($C$68*$D69) -> 2.2529146 | L69: =L$58/($C$68*$D69) -> 2.4634409 | M69: =M$58/($C$68*$D69) -> 2.6739672
D70: 600 | E70: =E$58/($C$68*$D70) -> 1.5265516 | G70: =G$58/($C$68*$D70) -> 1.7019902 | K70: =K$58/($C$68*$D70) -> 1.8774288 | L70: =L$58/($C$68*$D70) -> 2.0528674 | M70: =M$58/($C$68*$D70) -> 2.228306
C71: Calculation: Annual Cow Costs divided by Weaning Weight times Weaning Percent.

Sheet Assumptions + Income
C1: BEEF COW/CALF ENTERPRISE BUDGET | M1: 2023
C2: Estimated Costs and Returns - San Luis Valley
C5: PRODUCTION ASSUMPTIONS | K5: PRODUCTION SUMMARY
C7: Exposed Females (Cows & Heifers) | G7: 200 | K7: Total Calves Weaned (head) | M7: =ROUND(G7*G12,0) -> 180
C8: Cows Per Bull | G8: 22 | K8: Steers (head) | M8: =ROUND(M7*E13,0) -> 90
C9: Cow Death Loss | G9: 0.01 | K9: Total Heifers (head) | M9: =M7-M8 -> 90
C10: Cow Replacement Rate | G10: 0.14
C11: Bull Replacement Rate | G11: 0.3 | K11: Heifers Retained (head) | M11: =ROUND(G7*G14,0) -> 40
C12: Weaned Calf Crop | G12: 0.9 | K12: Heifers Sold (head) | M12: =ROUND(M9-M11,0) -> 50
C13: Percentage Steers | E13: 0.5 | K13: Yearling Heifers Sold (head) | M13: =ROUND(M11-(G7*(G9+G10)),0) -> 10
C14: Replacement Heifers Retained | G14: 0.2 | K14: Number of Bulls (head) | M14: =ROUND(G7/G8,0) -> 9
C17: MANAGEMENT PRACTICES
C19: 1. Calves born March-May and weaned and sold October/November.
C20: 2. Feeding Period = 5 Months (Dec, Jan, Feb, Mar, Apr) / Grazing Period = 7 months
C24: GROSS REVENUES FROM PRODUCTION
E25: Avg. Mkt | G25: Net Sale | K25: Value
C26: Animal | E26: Weight | G26: Price | K26: Per Head | L26: Total | M26: Per Cow
C27: Type | D27: Head | E27: lbs | G27: $/Cwt | K27: $/Hd | L27: $ | M27: $
C29: Steers | D29: =M8 -> 90 | E29: 550 | G29: 260 | K29: =E29*(G29/100) -> 1430 | L29: =K29*D29 -> 128700 | M29: =L29/$G$7 -> 643.5
C30: Heifers | D30: =M12 -> 50 | E30: 515 | G30: 245 | K30: =E30*(G30/100) -> 1261.75 | L30: =K30*D30 -> 63087.5 | M30: =L30/$G$7 -> 315.4375
C31: Yearling Heifers | D31: =M13 -> 10 | E31: 950 | G31: 160 | K31: =E31*(G31/100) -> 1520 | L31: =K31*D31 -> 15200 | M31: =L31/$G$7 -> 76
C32: Cull Cows | D32: =G7*G10 -> 28 | E32: 1250 | G32: 95 | K32: =E32*(G32/100) -> 1187.5 | L32: =K32*D32 -> 33250 | M32: =L32/$G$7 -> 166.25
C33: Cull Bulls | D33: =ROUNDDOWN(M14*G11,0) -> 2 | E33: 1750 | G33: 120 | K33: =E33*(G33/100) -> 2100 | L33: =K33*D33 -> 4200 | M33: =L33/$G$7 -> 21
C34: Other | L34: 0 | M34: =L34/$G$7 -> 0
C36: Total | D36: =SUM(D29:D35) -> 180 | L36: =SUM(L29:L35) -> 244437.5 | M36: =SUM(M29:M35) -> 1222.1875

Sheet Cow Carrying Costs
C2: PURCHASED FEED
E3: Lbs Per Day | G3: Price | H3: Cost
C4: Description | D4: Unit | E4: Per Cow | F4: Days | G4: Per Unit | H4: Per Cow | I4: Per Herd
C6: Alfalfa Hay | D6: tons | E6: 10 | F6: 150 | G6: 220 | H6: =E6*F6*(G6/2000) -> 165 | I6: =H6*'Assumptions + Income'!$G$7 -> 33000 | K6: Total hay is a mix of alfalfa and other. 35 lbs/day.
C7: Grass Hay | D7: tons | E7: 25 | F7: 150 | G7: 180 | H7: =E7*F7*(G7/2000) -> 337.5 | I7: =H7*'Assumptions + Income'!$G$7 -> 67500
C8: Grain/Concentrates | D8: lbs | E8: 0 | F8: 0 | G8: 0 | H8: =E8*F8*G8 -> 0 | I8: =H8*'Assumptions + Income'!$G$7 -> 0
C9: Protein Supplements | D9: tons | E9: 0 | F9: 0 | G9: 0 | H9: =E9*F9*(G9/2000) -> 0 | I9: =H9*'Assumptions + Income'!$G$7 -> 0
C10: Salt/Mineral | D10: tons | E10: 1 | F10: 365 | G10: 80 | H10: =E10*F10*(G10/2000) -> 14.6 | I10: =H10*'Assumptions + Income'!$G$7 -> 2920
C11: Other Livestock Feed | D11: dollars | H11: 0 | I11: =H11*'Assumptions + Income'!$G$7 -> 0
C13: Subtotal of Livestock Feed | E13: =SUM(E6:E12) -> 36 | H13: =SUM(H6:H12) -> 517.1 | I13: =SUM(I6:I12) -> 103420
C15: PASTURE
G16: Price | H16: Cost
C17: Description | D17: Unit | E17: Quantity | F17: Days | G17: Per Unit | H17: Per Cow | I17: Per Herd
C19: Pasture (owned) | D19: head | E19: 200 | F19: 90 | G19: 1 | H19: =F19*G19 -> 90 | I19: =H19*'Assumptions + Income'!$G$7 -> 18000
C20: Pasture (leased) | D20: head | H20: =E20*F20*(G20/2000) -> 0 | I20: =H20*'Assumptions + Income'!$G$7 -> 0
C21: Pasture (public) | D21: aums | H21: =1.35*4 -> 5.4 | I21: =H21*'Assumptions + Income'!$G$7 -> 1080 | K21: $1.35 per aum for 4 months
C22: Other | D22: head | H22: 0 | I22: =H22*'Assumptions + Income'!$G$7 -> 0 | K22: Rider, salt, and grass for 5 months = $45/cow
C24: Subtotal of Livestock Feed | H24: =SUM(H19:H23) -> 95.4 | I24: =SUM(I19:I23) -> 19080
C26: LAND EXPENSES
F27: Price | H27: Cost
C28: Description | D28: Unit | E28: Quantity | F28: Per Unit | H28: Per Cow | I28: Per Herd
C30: Fert. & Chem. | D30: acre | E30: 0 | F30: 0 | H30: =I30/'Assumptions + Income'!$G$7 -> 0 | I30: =E30*F30 -> 0
C31: Irrigation Supplies | D31: dollars | H31: =I31/'Assumptions + Income'!$G$7 -> 0 | I31: 0
C32: M&R Land and Bldgs. | D32: dollars | E32: 0 | F32: 1 | H32: =I32/'Assumptions + Income'!$G$7 -> 0 | I32: =E32*F32 -> 0
C33: Insur. (Bld, Mach., Lvst.) | D33: dollars | E33: 0 | F33: 1 | H33: =I33/'Assumptions + Income'!$G$7 -> 0 | I33: =E33*F33 -> 0
C34: Other | D34: dollars | E34: 0 | F34: 1 | H34: =I34/'Assumptions + Income'!$G$7 -> 0 | I34: =E34*F34 -> 0
C36: Subtotal of Land | H36: =SUM(H30:H35) -> 0 | I36: =SUM(I30:I35) -> 0
C38: LIVESTOCK MEDICAL & BREEDING EXPENSES
F39: Price | H39: Cost
C40: Description | D40: Unit | E40: Quantity | F40: Per Unit | H40: Per Cow | I40: Per Herd
C42: Calf Vaccines | D42: calves | E42: ='Assumptions + Income'!G7 -> 200 | F42: 13 | H42: =I42/'Assumptions + Income'!$G$7 -> 13 | I42: =E42*F42 -> 2600 | K42: Three vaccines given twice per year
C43: Breeding Vaccines | D43: cows | E43: ='Assumptions + Income'!G7 -> 200 | F43: 0 | H43: =I43/'Assumptions + Income'!$G$7 -> 0 | I43: =E43*F43 -> 0
C44: Other Vaccines | H44: =I44/'Assumptions + Income'!$G$7 -> 10 | I44: 2000 | K44: At preg checking
C45: Pregnancy Test | D45: cows | E45: ='Assumptions + Income'!G7 -> 200 | F45: 3.75 | H45: =I45/'Assumptions + Income'!$G$7 -> 3.75 | I45: =E45*F45 -> 750
C46: Bull Fertility Test | D46: bulls | E46: ='Assumptions + Income'!M14 -> 9 | F46: =47+32+13.6 -> 92.6 | H46: =I46/'Assumptions + Income'!$G$7 -> 4.167 | I46: =E46*F46 -> 833.4 | K46: Fertility = $47 +Tric=$32 + Vaccines=$13.60
C47: Medical Supplies | H47: =I47/'Assumptions + Income'!$G$7 -> 4.5 | I47: 900 | K47: Misc supplies, extra/wasted vaccines, misc medicines, etc.
C48: Other | H48: =I48/'Assumptions + Income'!$G$7 -> 0 | I48: 0
C50: Subtotal of Livestock Medical and Breeding | H50: =SUM(H42:H49) -> 35.417 | I50: =SUM(I42:I49) -> 7083.4
C52: LIVESTOCK SUPPLIES
F53: Price | H53: Cost
C54: Description | D54: Unit | E54: Quantity | F54: Per Unit | H54: Per Cow | I54: Per Herd
C56: Feeding Supplies | D56: each | E56: ='Assumptions + Income'!$G$7 -> 200 | F56: 5 | H56: =I56/'Assumptions + Income'!$G$7 -> 5 | I56: =E56*F56 -> 1000
C57: Tack | H57: =I57/'Assumptions + Income'!$G$7 -> 0 | I57: 0
C58: Ear Tags | D58: each | E58: ='Assumptions + Income'!$G$7 -> 200 | F58: 4.15 | H58: =I58/'Assumptions + Income'!$G$7 -> 4.15 | I58: =E58*F58 -> 830
C59: Other | H59: =I59/'Assumptions + Income'!$G$7 -> 0 | I59: 0
C61: Subtotal of Livestock Supplies | H61: =SUM(H56:H60) -> 9.15 | I61: =SUM(I56:I60) -> 1830
C63: MARKETING
F64: Price | H64: Cost
C65: Description | D65: Unit | E65: Quantity | F65: Per Unit | H65: Per Cow | I65: Per Herd
C67: Freight and Trucking | D67: miles | E67: 150 | F67: 5 | H67: =I67/'Assumptions + Income'!$G$7 -> 3.75 | I67: =E67*F67 -> 750
C68: Selling Comm/Yardage | D68: dollars | E68: ='Assumptions + Income'!L36 -> 244437.5 | F68: 0.02 | H68: =I68/'Assumptions + Income'!$G$7 -> 24.44375 | I68: =E68*F68 -> 4888.75
C69: Brand Inspection | D69: head | E69: ='Assumptions + Income'!D36 -> 180 | F69: 1.5 | H69: =I69/'Assumptions + Income'!$G$7 -> 1.35 | I69: =E69*F69 -> 270
C70: Health Inspection | D70: head | E70: ='Assumptions + Income'!D36 -> 180 | F70: 0.4 | H70: =I70/'Assumptions + Income'!$G$7 -> 0.36 | I70: =E70*F70 -> 72
C71: Lodging/Meals Etc. | H71: =I71/'Assumptions + Income'!$G$7 -> 0 | I71: 0
C72: Hedging Expense | H72: =I72/'Assumptions + Income'!$G$7 -> 0 | I72: 0
C73: Other | H73: =I73/'Assumptions + Income'!$G$7 -> 0 | I73: 0
C75: Subtotal of Marketing | H75: =SUM(H67:H70) -> 29.90375 | I75: =SUM(I67:I70) -> 5980.75
C77: Machinery & Equipment
H78: Cost
C79: Description | H79: Per Cow | I79: Per Herd
C81: Fuel and Lubrication | H81: =I81/'Assumptions + Income'!$G$7 -> 50 | I81: 10000
C82: Maint. and Repairs | H82: =I82/'Assumptions + Income'!$G$7 -> 0 | I82: 0
C83: Equipment Leases | H83: =I83/'Assumptions + Income'!$G$7 -> 0 | I83: 0
C84: Machine Hire | H84: =I84/'Assumptions + Income'!$G$7 -> 0 | I84: 0
C85: Other | H85: =I85/'Assumptions + Income'!$G$7 -> 0 | I85: 0
C87: Subtotal of Machinery and Equipment | H87: =SUM(H81:H86) -> 50 | I87: =SUM(I81:I86) -> 10000
C89: LABOR
H90: Cost
C91: Description | H91: Per Cow | I91: Per Herd
C93: Wages | H93: =I93/'Assumptions + Income'!$G$7 -> 0 | I93: 0
C94: FICA | F94: 0.08 | H94: =I94/'Assumptions + Income'!$G$7 -> 0 | I94: =I93*F94 -> 0
C95: Employee Benefits | H95: =I95/'Assumptions + Income'!$G$7 -> 0 | I95: 0
C96: Contract Labor | H96: =I96/'Assumptions + Income'!$G$7 -> 0 | I96: 0
C97: Professional Fees | H97: =I97/'Assumptions + Income'!$G$7 -> 0 | I97: 0
C98: Workman's Comp | H98: =I98/'Assumptions + Income'!$G$7 -> 0 | I98: 0
C99: Other | H99: =I99/'Assumptions + Income'!$G$7 -> 0 | I99: 0
C101: Subtotal of Labor | H101: =SUM(H93:H100) -> 0 | I101: =SUM(I93:I100) -> 0
C103: INTEREST
E104: Term | H104: Cost
C105: Description | D105: Principal | E105: (years) | F105: Rate | H105: Per Cow | I105: Per Herd
C107: Operating Borrowings | D107: =(I13+I24+I36+I50+I61+I75+I87+I101) -> 147394.15 | E107: 0.5 | F107: 0.09 | H107: =I107/'Assumptions + Income'!$G$7 -> 33.163684 | I107: =D107*E107*F107 -> 6632.7367
C108: Non-Real Estate | H108: =I108/'Assumptions + Income'!$G$7 -> 0 | I108: 0
C109: Real Estate | H109: =I109/'Assumptions + Income'!$G$7 -> 0 | I109: 0
C110: Other Interest | H110: =I110/'Assumptions + Income'!$G$7 -> 0 | I110: 0
C112: Subtotal of Interest | H112: =SUM(H107:H111) -> 33.163684 | I112: =SUM(I107:I111) -> 6632.7367
C114: DEPRECIATION
H115: Cost
C116: Description | D116: Unit | E116: Quantity | H116: Per Cow | I116: Per Herd
C118: Depreciation - Bldg & Equip | H118: =I118/'Assumptions + Income'!$G$7 -> 60 | I118: 12000
C119: Depreciation - Bulls | H119: =I119/'Assumptions + Income'!$G$7 -> 25 | I119: 5000
C120: Depreciation - Other | H120: =I120/'Assumptions + Income'!$G$7 -> 0 | I120: 0
C122: Subtotal of Depreciation | H122: =SUM(H118:H121) -> 85 | I122: =SUM(I118:I121) -> 17000
C125: OVERHEAD
H126: Cost
C127: Description | D127: Unit | E127: Quantity | H127: Per Cow | I127: Per Herd
C129: Overhead Charge | H129: =I129/'Assumptions + Income'!$G$7 -> 300 | I129: 60000 | K129: Included in "family living"
C131: Subtotal of Depreciation | H131: =SUM(H129:H130) -> 300 | I131: =SUM(I129:I130) -> 60000
